 Dungeon Sprint DCSS version 0.28-a0-1395-g4f6bc678fa (webtiles) character file.

Game seed: 12939368478795109965

961 rocky1 the Geomancer (level 8, -4/48 HPs)
             Began as a Gargoyle Earth Elementalist on Jan 5, 2022.
             Was a High Priest of Sif Muna.
             Hit by a silver javelin thrown by Urug (16 damage)
             ... in the Dungeon (Sprint VII: "The Pits").
             The game lasted 00:06:57 (948 turns).

rocky1 the Geomancer (Gargoyle Earth Elementalist)   Turns: 948, Time: 00:06:59

Health: -4/48      AC:  7    Str: 12    XL:     8   Next: 15%
Magic:  14/17      EV: 13    Int: 18    God:    Sif Muna [*****.]
Gold:   0          SH:  0    Dex: 10    Spells: 15/19 levels left

rFire   . . .      SeeInvis .   m - +0 quarterstaff (protect)
rCold   . . .      Faith    .   (shield currently unavailable)
rNeg    + . .      Spirit   .   b - +0 robe
rPois   ∞          Reflect  .   (no helmet)
rElec   +          Harm     .   (no cloak)
rCorr   .          Rampage  .   (no gloves)
Will    .....      NoTele   +   (no boots)
Stlth   ++........              (no amulet)
HPRegen 0.16/turn               (no ring)
MPRegen 0.15/turn               (no ring)

@: no status effects
A: sickness immunity, AC +5, negative energy resistance 1, electricity
resistance, torment resistance 1, petrification resistance
a: Renounce Religion, Channel Magic, Forget Spell, Divine Exegesis


You were in the Dungeon.
You worshipped Sif Muna.
Sif Muna was extremely pleased with you.
You visited 1 branch

Inventory:

Hand Weapons
 l - a +2 mace
 m - a +0 quarterstaff of protection (weapon)
Missiles
 i - 23 stones
Armour
 b - a +0 robe (worn)
Scrolls
 h - a scroll of blinking
 j - 5 scrolls of amnesia
Potions
 a - 2 potions of invisibility
 c - 6 potions of curing
 d - 5 potions of heal wounds
 e - a potion of haste
 f - 4 potions of magic
 g - 3 potions of berserk rage


   Skills:
 + Level 4.6 Fighting
 + Level 4.1 Dodging
 - Level 2.1 Stealth
 + Level 6.0 Spellcasting
 + Level 6.5 Conjurations
 - Level 2.9 Transmutations
 - Level 14.9 Earth Magic
 + Level 4.5 Invocations


You had 15 spell levels left.
You knew the following spells:

 Your Spells              Type           Power      Damage    Failure   Level
a - Sandblast             Erth           100%       2d20      1%          1
b - Stone Arrow           Conj/Erth      88%        3d12      1%          3

Your spell library contained the following spells:

 Spells                   Type           Power      Damage    Failure   Level
 Passwall                 Tmut/Erth      30%        N/A       1%          2
 Petrify                  Tmut/Erth      37%        N/A       3%          4


Dungeon Overview and Level Annotations

Branches:
Dungeon (1/1)

Altars:
Ashenzari
Cheibriados
Dithmenos
Elyvilon
Fedhas
Gozag
Hepliaklqana
Kikubaaqudgha
Makhleb
Nemelex Xobeh
Okawaru
Qazlal
Ru
Sif Muna
Trog
Uskayaw
Vehumet
Wu Jian
Xom
Yredelemnul
Zin
The Shining One
Beogh
Jiyva
Lugonu

Annotations:
D Urug


Innate Abilities, Weirdness & Mutations

You are immune to sickness and miasma.
Your stone body is resilient. (AC +5)
You are immune to poison.
You resist negative energy. (rN+)
You are resistant to electric shocks. (rElec)
You are resistant to unholy torment.
You are immune to petrification.


Message History

Casting: Sandblast (safe; 1% risk of failure)
Confirm with . or Enter, or press ? or * to list all spells.
Aiming: Sandblast (safe; 1% risk of failure)
Press: ? - help, Shift-Dir - straight line, f/p - Urug
Aim: Urug, wielding a +5 war axe, wearing a +0 chain mail and quivering silver javelins (moderately wounded, 82% to hit)
The blast of sand hits Urug.
Urug is moderately wounded.
Urug closely misses you.
Blink to where?
Press: ? - help, Dir - move target, f - you, p - Urug
Okay, then.
As you read the scroll of summoning, it crumbles to dust.
Wisps of shadow whirl around you... Urug hits you with a +5 war axe!
* * * LOW HITPOINT WARNING * * *
Unknown command.
You feel much better. Urug hits you with a +5 war axe.
Unknown command.
What are your orders? t - Shout!
Orders for allies: a - Attack new target. p - Attack previous target. r - Retreat! s - Stop attacking. g - Guard the area. f - Follow me.
Anything else - Cancel.
Gang up on whom?
Press: ? - help, Dir - move target, f/p - Urug
Aim: Urug, wielding a +5 war axe, wearing a +0 chain mail and quivering silver javelins (moderately wounded, ally target) Attack!
Your small abomination barely misses Urug.
Urug squints and screams, "I know a harpy when I see one!"
Urug hits you with a +5 war axe!
* * * LOW HITPOINT WARNING * * *
Urug hits your small abomination with a +5 war axe!
The worm bites your small abomination but does no damage.
Your small abomination hits the worm.
Urug throws a silver javelin.
The silver javelin pierces through your small abomination!
The silver sears your small abomination!
Your small abomination is destroyed!
Your small abomination dissolves into shadows!
The silver javelin pierces through you!
You die...

#.#.....#[[##.......#
#.####'##'###...<...#
#.#..†.....##.......#
#.#........##.......#
#'###########.......#
#.......#..##########
#.......#)######
#...#...#.#....#
#..###@.#'#w...#
#...#..x#.'....+
#.....wo#†#..c.#
#.......÷.# .o.#
########### ###


You could see Urug (ally target), a worm and a friendly small abomination
(summoned).

Vanquished Creatures
  2 fire bats (D)
  A vampire mosquito (D)
  A warg (D)
  2 floating eyes (D)
  A necrophage (D)
  A scorpion (D)
  An orc priest (D)
  A hound (D)
  2 gnolls (D)
  An adder skeleton (D)
  2 orcs (D)
  A bat (D)
  A bat skeleton (D)
  An endoplasm (D)
  A hobgoblin (D)
  A quokka (D)
  A frilled lizard (D)
  A goblin (D)
  A kobold (D)
23 creatures vanquished.

Notes
Turn   | Place    | Note
-------+----------+-------------------------------------------
     0 | D        | rocky1 the Gargoyle Earth Elementalist began the quest for
                  | the Orb.
     0 | D        | Reached XP level 1. HP: 10/10 MP: 3/3
    47 | D        | Reached skill level 4 in Earth Magic
    64 | D        | Found a bloodstained altar of Trog.
    64 | D        | Found a shimmering blue altar of Sif Muna.
    64 | D        | Found a viscous altar of Jiyva.
    64 | D        | Found a hazy altar of Hepliaklqana.
    64 | D        | Found an opulent altar of Gozag.
    65 | D        | Found a glowing golden altar of the Shining One.
    65 | D        | Found a glowing silver altar of Zin.
    65 | D        | Found a basalt altar of Yredelemnul.
    65 | D        | Found a shimmering altar of Xom.
    65 | D        | Found an ornate altar of the Wu Jian Council.
    65 | D        | Found a sacrificial altar of Ru.
    65 | D        | Found a stormy altar of Qazlal.
    65 | D        | Found an iron altar of Okawaru.
    65 | D        | Found a sparkling altar of Nemelex Xobeh.
    65 | D        | Found a burning altar of Makhleb.
    65 | D        | Found a blossoming altar of Fedhas.
    65 | D        | Found a white marble altar of Elyvilon.
    65 | D        | Found a shadowy altar of Dithmenos.
    65 | D        | Found a snail-covered altar of Cheibriados.
    68 | D        | Found a corrupted altar of Lugonu.
    68 | D        | Found a radiant altar of Vehumet.
    69 | D        | Found an ancient bone altar of Kikubaaqudgha.
    69 | D        | Found a hide-covered altar of Uskayaw.
    69 | D        | Found a broken altar of Ashenzari.
    70 | D        | Became a worshipper of Sif Muna the Loreminder
   142 | D        | Reached skill level 5 in Earth Magic
   249 | D        | Reached * piety under Sif Muna
   252 | D        | Reached XP level 2. HP: 15/15 MP: 5/5
   358 | D        | Noticed a scorpion
   358 | D        | Noticed a fire bat
   362 | D        | Killed a fire bat
   363 | D        | Reached skill level 12 in Earth Magic
   363 | D        | Reached XP level 3. HP: 19/19 MP: 2/6
   363 | D        | Reached XP level 4. HP: 24/24 MP: 2/7
   363 | D        | Reached XP level 5. HP: 28/28 MP: 2/8
   378 | D        | Reached ** piety under Sif Muna
   385 | D        | Learned a level 3 spell: Stone Arrow
   430 | D        | Reached skill level 13 in Earth Magic
   492 | D        | Noticed a floating eye
   492 | D        | Noticed a fire bat
   505 | D        | Killed a fire bat
   505 | D        | Reached *** piety under Sif Muna
   506 | D        | Reached skill level 14 in Earth Magic
   506 | D        | Reached XP level 6. HP: 14/32 MP: 6/12
   517 | D        | Killed a floating eye
   518 | D        | Reached skill level 1 in Fighting
   518 | D        | Reached skill level 1 in Transmutations
   518 | D        | Reached skill level 1 in Invocations
   518 | D        | Reached XP level 7. HP: 19/39 MP: 6/14
   518 | D        | Reached **** piety under Sif Muna
   519 | D        | Reached skill level 5 in Conjurations
   689 | D        | Paralysed by a floating eye for 4 turns
   694 | D        | Paralysed by a floating eye for 2 turns
   697 | D        | Reached skill level 5 in Spellcasting
   706 | D        | Noticed a warg
   709 | D        | Killed a warg
   778 | D        | Noticed a vampire mosquito
   779 | D        | Killed a vampire mosquito
   780 | D        | Reached XP level 8. HP: 48/48 MP: 14/16
   786 | D        | Reached ***** piety under Sif Muna
   934 | D        | Noticed Urug
   948 | D        | Hit by a silver javelin thrown by Urug

Illustrated notes

Levels and vault maps discovered:
D:        pitsprint [storerooms_1, entrance_room_1, metal_vault_5, armoury_1,
          mini_pit_1, grid_room_1, main_hall_1, silver_pit, the_coven_3,
          the_vestibule_1, steel_vault_1, golden_pit, hallway_of_sentries,
          crystal_vault_2, iron_vault_2, final_vault]

Skill      XL: |  1  2  3  4  5  6  7  8 |
---------------+-------------------------+-----
Earth Magic    | 5 12 14 | 14.9
Spellcasting   | 4 5 6 |  6.0
Conjurations   | 4 6 |  6.5
Fighting       | 1 4 |  4.6
Dodging        | 2 3 4 |  4.1
Transmutations | 1 2 |  2.9
Invocations    | 1 4 |  4.5
Stealth        | |  2.1

Action                   |  1- 3 |  4- 6 |  7- 9 || total
-------------------------+-------+-------+-------++-------
Melee: Unarmed           |    13 |       |       ||    13
       Mace              |     6 |    10 |       ||    16
       Quarterstaff      |       |     7 |    15 ||    22
 Cast: Sandblast         |     3 |     5 |    14 ||    22
  Use: Scroll            |       |       |     1 ||     1
       Potion            |       |       |     1 ||     1
 Stab: Sleeping          |     1 |       |       ||     1
Armor: Robe              |    24 |    11 |     9 ||    44
Dodge: Dodged            |    25 |    13 |    17 ||    55

Table legend: (Time is in decaauts)
 A = Elapsed time spent in this place.
 B = Non-inter-level travel time spent in this place.
 C = Inter-level travel time spent in this place.
 D = Time resting spent in this place.
 E = Time spent auto-exploring this place.
 F = Levels seen in this place.
 G = Mean time per level.
                   A        B        C        D        E       F      G
               +--------+--------+--------+--------+--------+-----+--------+
         Total |    960 |    960 |      0 |    588 |      0 |   1 |  960.0 |
       Dungeon |    960 |    960 |      0 |    588 |      0 |   1 |  960.0 |
               +--------+--------+--------+--------+--------+-----+--------+

Top non-repeatable levels by time:
       D: 960 daAuts
